 Seeded DCSS version 0.31-a0-667-g39726597b9 (webtiles) character file.

Game seed: 8226958467842168542 (custom seed)

9508 demibob the Slicer (level 11, -2/89 HPs)
             Began as a Gnoll Wanderer on Sept 3, 2023.
             Was a Priest of Okawaru.
             Slain by a vault guard
             ... wielding a +3 war axe
              (17 damage)
             ... on level 11 of the Dungeon.
             The game lasted 00:13:16 (11885 turns).

demibob the Slicer (Gnoll Wanderer)                Turns: 11885, Time: 00:13:17

Health: -2/89      AC: 10    Str: 13    XL:     11   Next: 47%
Magic:  20/20      EV: 21    Int:  9    God:    Okawaru [***...]
Gold:   1227       SH: 17    Dex: 17    Spells: 22/22 levels left

rFire   . . .        s - +1 short sword (venom)
rCold   . . .        q - +5 Storm Queen's Shield {shock, Fly rElec}
rNeg    . . .        e - +0 leather armour
rPois   .            i - +0 helmet
rElec   +            k - +1 cloak of Starlight {*Dazzle EV+4 Stlth--}
rCorr   .            h - +0 pair of gloves
SInv    .            (no boots)
Will    .....        (no amulet)
Stlth   +++          (no ring)
HPRegen 0.34/turn    (no ring)
MPRegen 0.17/turn

%: no passive effects
@: heroic, flying
A: fangs 1, strong nose, distributed training
a: Renounce Religion, Heroism


You were on level 11 of the Dungeon.
You worshipped Okawaru.
Okawaru was most pleased with you.
You visited 2 branches of the dungeon, and saw 12 of its levels.

You collected 2149 gold pieces.
You spent 922 gold pieces at shops.


Innate Abilities, Weirdness & Mutations

You have very sharp teeth.
Your uncanny sense of smell can sniff out nearby items.
Your experience applies equally to all skills.


   Skills:
 + Level 9.3(14.3) Fighting
 + Level 12.2(17.2) Short Blades
 + Level 6.4(11.4) Long Blades
 + Level 6.4(11.4) Axes
 + Level 6.4(11.4) Maces & Flails
 + Level 6.4(11.4) Polearms
 + Level 6.4(11.4) Staves
 + Level 6.4(11.4) Ranged Weapons
 + Level 7.0(12.0) Throwing
 + Level 6.4(11.4) Armour
 + Level 6.4(11.4) Dodging
 + Level 6.9(11.9) Stealth
 + Level 6.4(11.4) Shields
 + Level 6.4(11.4) Unarmed Combat
 + Level 6.4 Spellcasting
 + Level 5.3 Conjurations
 + Level 5.3 Hexes
 + Level 5.3 Summonings
 + Level 5.3 Necromancy
 + Level 5.3 Translocations
 + Level 5.3 Transmutations
 + Level 5.3 Fire Magic
 + Level 5.3 Ice Magic
 + Level 5.3 Air Magic
 + Level 5.3 Earth Magic
 + Level 5.3 Poison Magic
 + Level 7.1 Invocations
 + Level 6.4 Evocations
 + Level 5.9 Shapeshifting


You had 22 spell levels left.
You didn't know any spells.
Your spell library contained the following spells:

 Spells                   Type           Power      Damage    Failure   Level
 Sandblast                Erth           24%        2d8       6%          1
 Passwall                 Tmut/Erth      10%        N/A       10%         2
 Frozen Ramparts          Ice            24%        1d4       19%         3
 Gell's Gravitas          Tloc           12%        N/A       19%         3
 Hailstorm                Conj/Ice       12%        3d5       19%         3
 Portal Projectile        Hex/Tloc       24%        N/A       19%         3
 Stone Arrow              Conj/Erth      24%        3d8       19%         3
 Teleport Other           Tloc           12%        N/A       19%         3
 Cause Fear               Hex            6%         N/A       54%         4
 Iskenderun's Mystic Bla  Conj/Tloc      12%        2d5       54%         4
 Petrify                  Tmut/Erth      12%        N/A       54%         4
 Borgnjor's Vile Clutch   Necr/Erth      6%         N/A       87%         5
 Fireball                 Conj/Fire      6%         3d5       87%         5
 Metabolic Englaciation   Hex/Ice        6%         N/A       87%         5
 Dispersal                Tloc           6%         N/A       100%        6
 Tukima's Dance           Hex            Unusable   N/A       N/A         3
 Animate Dead             Necr           Unusable   N/A       N/A         4
 Summon Ice Beast         Ice/Summ       Unusable   N/A       N/A         4
 Death Channel            Necr           Unusable   N/A       N/A         6
 Simulacrum               Ice/Necr       Unusable   N/A       N/A         6
 Dragon's Call            Summ           Unusable   N/A       N/A         9

Inventory:

Hand Weapons
 a - a +4 short sword
 c - a +0 dagger
 g - a +0 trident of protection
 s - a +1 short sword of venom (weapon)
Missiles
 b - 18 boomerangs (quivered)
 w - 3 throwing nets {=f}
Armour
 e - a +0 leather armour (worn)
 h - a +0 pair of gloves (worn)
 i - a +0 helmet (worn)
 k - the +1 cloak of Starlight (worn) {*Dazzle EV+4 Stlth--}
   (You acquired it on level 2 of the Dungeon)

   *Dazzle:   It may blind those who miss an attack against the wearer in melee
   combat.
   EV+4:      It affects your evasion (+4).
   Stlth--:   It makes you much less stealthy.
 q - the +5 Storm Queen's Shield (worn) {shock, Fly rElec}
   (You acquired it on level 2 of the Dungeon)

   Shock:     When it blocks an attack, it may electrocute the attacker.
   This works even against foes who are a short distance away.
   rElec:     It insulates you from electricity.
   Fly:       It grants you flight.
Magical Staves
 f - a staff of conjuration {!a}
 m - a staff of earth {!a}
Jewellery
 C - a ring of ice
Wands
 r - a wand of flame (48)
 B - a wand of digging (5)
Scrolls
 j - 2 scrolls of silence {!r}
 o - a scroll of teleportation {@r2}
 p - 3 scrolls of amnesia
 v - a scroll of enchant weapon
 y - a scroll of revelation
 z - a scroll of vulnerability {unknown}
 A - a scroll of identify {@r1}
Potions
 d - 3 potions of brilliance
 l - 3 potions of lignification
 n - 2 potions of mutation
 t - 2 potions of cancellation
 u - 2 potions of ambrosia
 x - 3 potions of enlightenment

Dungeon Overview and Level Annotations

Branches:
Dungeon (11/15)            Temple (1/1) D:7             Orc (0/2) D:9
   Lair: D:8-11

Altars:
Ashenzari
Cheibriados
Dithmenos
Elyvilon
Fedhas
Gozag
Hepliaklqana
Kikubaaqudgha
Makhleb
Nemelex Xobeh
Okawaru
Qazlal
Ru
Sif Muna
Trog
Uskayaw
Vehumet
Wu Jian
Xom
Yredelemnul
Zin
The Shining One

Shops:
D:4 ?   D:9 [   D:10 [

Annotations:
D:3 1 runed translucent door, Crazy Yiuf

#..# #...........▒ #..#
#####))#####▒ #.^## #))# #...#
#.)# §▒## #.#.#
#..#####▒▒'▒▒.. #.#.#
####.............# #.#.#
#..........####..# #.#.#
#.##.#####.# #..# #.#.###.##.#
#@# #..# #.........)### #p#
#..#####.#
###.......))(###.####.<.....(#
#####.####).........######.#
#.# #####.###### #.# #.# #.#
#.# #.# #.# #.########.#


You could see a vault guard (blind, extremely poisoned).


Message History

The vault guard blocks your attack.
The vault guard is severely wounded.
You block the vault guard's attack.
You hit the vault guard but do no damage.
The vault guard looks as sick as possible!
The vault guard is severely wounded.
You hit the vault guard but do no damage.
The vault guard blocks your attack.
The vault guard is severely wounded.
You block the vault guard's attack.
Your shield discharges, shocking the vault guard!
The vault guard blocks your attack.
The vault guard is almost dead.
The vault guard hits you with a +3 war axe!
* * * LOW HITPOINT WARNING * * *
Unknown command.
You closely miss the vault guard.
You bite the vault guard, but do no damage.
The vault guard is almost dead.
The vault guard blocks your attack.
The vault guard is almost dead.
The vault guard barely misses you.
The vault guard is temporarily struck blind!
You hit the vault guard but do no damage.
The vault guard looks as sick as possible!
The vault guard is almost dead.
You hit the vault guard but do no damage.
The vault guard is almost dead.
The vault guard hits you with a +3 war axe!
You die...

Skill      XL: |  1  2  3  4  5  6  7  8  9 10 11 |
---------------+----------------------------------+-----
Short Blades   | 11 12 | 12.2
Invocations    | 1 2 3 4 5 6 7 |  7.1
Long Blades    | 1 2 3 4 6 |  6.4
Axes           | 1 2 3 4 6 |  6.4
Maces & Flails | 1 2 3 4 6 |  6.4
Polearms       | 1 2 3 4 6 |  6.4
Staves         | 1 2 3 4 6 |  6.4
Ranged Weapons | 1 2 3 4 6 |  6.4
Armour         | 1 2 3 4 6 |  6.4
Dodging        | 1 2 3 4 6 |  6.4
Shields        | 1 2 3 4 6 |  6.4
Unarmed Combat | 1 2 3 4 6 |  6.4
Spellcasting   | 1 2 3 4 6 |  6.4
Evocations     | 1 2 3 4 6 |  6.4
Shapeshifting  | 1 2 3 4 5 |  5.9
Conjurations   | 1 2 3 4 5 |  5.3
Hexes          | 1 2 3 4 5 |  5.3
Summonings     | 1 2 3 4 5 |  5.3
Necromancy     | 1 2 3 4 5 |  5.3
Translocations | 1 2 3 4 5 |  5.3
Transmutations | 1 2 3 4 5 |  5.3
Fire Magic     | 1 2 3 4 5 |  5.3
Ice Magic      | 1 2 3 4 5 |  5.3
Air Magic      | 1 2 3 4 5 |  5.3
Earth Magic    | 1 2 3 4 5 |  5.3
Poison Magic   | 1 2 3 4 5 |  5.3
Throwing       | 3 4 5 6 7 |  7.0
Stealth        | 3 4 5 6 |  6.9
Fighting       | 7 8 9 |  9.3

Action                     |  1- 3 |  4- 6 |  7- 9 | 10-12 || total
---------------------------+-------+-------+-------+-------++-------
  Melee: Short sword       |    91 |    94 |   341 |   564 ||  1090
         Bite              |    10 |    15 |    45 |    87 ||   157
         Punch             |     1 |       |       |       ||     1
         Trident           |       |    76 |    15 |       ||    91
 Invoke: Heroism           |       |       |       |     3 ||     3
  Evoke: Wand              |       |       |       |     2 ||     2
    Use: Scroll            |       |     6 |     9 |     5 ||    20
         Potion            |       |       |     4 |     4 ||     8
   Stab: Sleeping          |     2 |     2 |       |       ||     4
         Invisible         |       |       |     4 |     5 ||     9
 Armour: Leather armour    |    35 |    59 |    80 |   128 ||   302
  Dodge: Dodged            |    38 |    43 |    74 |   206 ||   361
  Block: Kite shield       |       |    37 |   173 |   317 ||   527

Levels and vault maps discovered:
D:1:      psy_arrival_statuary, layout_rooms
D:2:      layout_basic, uniq_robin
D:3:      layout_basic, minmay_misc_feat_tiny, corexii_leaking_fountain,
          uniq_jessica, uniq_crazy_yiuf_cottage
D:4:      layout_basic, serial_co_window_serial, co_window_of_opportunity_a,
          co_window_paths_b, co_window_paths_a, co_window_corner_a,
          co_window_paths_a, co_window_corner_ca, co_window_broadway_b,
          co_window_of_opportunity_b, co_window_broadway_a, co_window_paths_c,
          glass_columns_c, glass_columns_a, serial_shops, shop,
          hangedman_decor_riveting, uniq_grinder
D:5:      layout_basic, amethyst_overflow_temple_binary, kennysheep_dice,
          uniq_sigmund
D:6:      layout_cave_pools, grunt_tough_drop, uniq_maggie, uniq_blork_the_orc
D:7:      layout_loops_ring, nicolae_gozag_seed_capital, lemuel_doored_altar,
          minmay_temple_entry_fiery, uniq_prince_ribbit1
D:8:      layout_loops_ring
D:9:      kennysheep_kobold_camp, layout_layer_cave, slow_altar_2,
          mainiacjoe_overflow_cross_hatched,
          kennysheep_orc_monster_closet_entryway, serial_shops, shop
D:10:     layout_stronghold, nicolae_stop_n_shop_1, grunt_ogre_cave, uniq_fannar
D:11:     layout_loops_ring, grunt_lair_entry_orc_guard_hut, enter_trove_5,
          uniq_lodul
Temple:   compressed_dpeg_triangle_lava_temple

Notes
Turn   | Place    | Note
-------+----------+-------------------------------------------
     0 | D:1      | Reached skill level 10 in Short Blades
     0 | D:1      | demibob the Gnoll Wanderer began the quest for the Orb.
     0 | D:1      | demibob set off with the following items: a +3 short sword,
                  | 9 boomerangs, a +0 dagger, a potion of brilliance, a +0
                  | leather armour.
     0 | D:1      | Reached XP level 1. HP: 23/23 MP: 1/1
    98 | D:1      | Reached XP level 2. HP: 8/29 MP: 2/2
   269 | D:1      | Reached XP level 3. HP: 35/35 MP: 3/3
   364 | D:1      | Reached skill level 1 in Invocations
   540 | D:2      | Noticed Robin
   566 | D:2      | Reached skill level 1 in Long Blades
   566 | D:2      | Reached skill level 1 in Axes
   566 | D:2      | Reached skill level 1 in Maces & Flails
   566 | D:2      | Reached skill level 1 in Polearms
   566 | D:2      | Reached skill level 1 in Staves
   566 | D:2      | Reached skill level 1 in Ranged Weapons
   566 | D:2      | Reached skill level 1 in Armour
   566 | D:2      | Reached skill level 1 in Dodging
   566 | D:2      | Reached skill level 1 in Shields
   566 | D:2      | Reached skill level 1 in Unarmed Combat
   566 | D:2      | Reached skill level 1 in Spellcasting
   566 | D:2      | Reached skill level 1 in Evocations
   573 | D:2      | Killed Robin
   574 | D:2      | Reached XP level 4. HP: 32/41 MP: 5/5
   580 | D:2      | Reached skill level 1 in Shapeshifting
   860 | D:2      | Reached skill level 1 in Conjurations
   860 | D:2      | Reached skill level 1 in Hexes
   860 | D:2      | Reached skill level 1 in Summonings
   860 | D:2      | Reached skill level 1 in Necromancy
   860 | D:2      | Reached skill level 1 in Translocations
   860 | D:2      | Reached skill level 1 in Transmutations
   860 | D:2      | Reached skill level 1 in Fire Magic
   860 | D:2      | Reached skill level 1 in Ice Magic
   860 | D:2      | Reached skill level 1 in Air Magic
   860 | D:2      | Reached skill level 1 in Earth Magic
   860 | D:2      | Reached skill level 1 in Poison Magic
  1513 | D:2      | Identified 2 scrolls of acquirement
  1513 | D:2      | Acquired the +5 Storm Queen's Shield {shock, Fly rElec}
  1513 | D:2      | Found the +5 Storm Queen's Shield {shock, Fly rElec}
  1515 | D:2      | Acquired the +1 cloak of Starlight {*Dazzle EV+4 Stlth--}
  1515 | D:2      | Found the +1 cloak of Starlight {*Dazzle EV+4 Stlth--}
  1591 | D:3      | Reached skill level 3 in Throwing
  1591 | D:3      | Reached XP level 5. HP: 34/47 MP: 5/7
  1899 | D:3      | Noticed Jessica
  1910 | D:3      | Killed Jessica
  1911 | D:3      | Reached skill level 2 in Invocations
  2083 | D:3      | Found a runed translucent door.
  2084 | D:3      | Noticed Crazy Yiuf
  2182 | D:3      | Reached XP level 6. HP: 53/53 MP: 8/8
  2219 | D:3      | Reached skill level 3 in Stealth
  2794 | D:4      | Noticed Grinder
  2802 | D:4      | Killed Grinder
  2803 | D:4      | Reached skill level 2 in Long Blades
  2803 | D:4      | Reached skill level 2 in Axes
  2803 | D:4      | Reached skill level 2 in Maces & Flails
  2803 | D:4      | Reached skill level 2 in Polearms
  2803 | D:4      | Reached skill level 2 in Staves
  2803 | D:4      | Reached skill level 2 in Ranged Weapons
  2803 | D:4      | Reached skill level 2 in Armour
  2803 | D:4      | Reached skill level 2 in Dodging
  2803 | D:4      | Reached skill level 2 in Shields
  2803 | D:4      | Reached skill level 2 in Unarmed Combat
  2803 | D:4      | Reached skill level 2 in Spellcasting
  2803 | D:4      | Reached skill level 2 in Evocations
  2803 | D:4      | Reached skill level 2 in Shapeshifting
  2803 | D:4      | Reached XP level 7. HP: 38/59 MP: 8/10
  3143 | D:4      | Reached skill level 7 in Fighting
  3147 | D:4      | Reached skill level 2 in Conjurations
  3147 | D:4      | Reached skill level 2 in Hexes
  3147 | D:4      | Reached skill level 2 in Summonings
  3147 | D:4      | Reached skill level 2 in Necromancy
  3147 | D:4      | Reached skill level 2 in Translocations
  3147 | D:4      | Reached skill level 2 in Transmutations
  3147 | D:4      | Reached skill level 2 in Fire Magic
  3147 | D:4      | Reached skill level 2 in Ice Magic
  3147 | D:4      | Reached skill level 2 in Air Magic
  3147 | D:4      | Reached skill level 2 in Earth Magic
  3147 | D:4      | Reached skill level 2 in Poison Magic
  3456 | D:4      | Found Goeh's Magic Scroll Shop.
  3867 | D:5      | Entered Level 5 of the Dungeon
  3931 | D:5      | Reached skill level 3 in Invocations
  4306 | D:5      | Reached XP level 8. HP: 67/67 MP: 12/12
  4319 | D:5      | Reached skill level 3 in Long Blades
  4319 | D:5      | Reached skill level 3 in Axes
  4319 | D:5      | Reached skill level 3 in Maces & Flails
  4319 | D:5      | Reached skill level 3 in Polearms
  4319 | D:5      | Reached skill level 3 in Staves
  4319 | D:5      | Reached skill level 3 in Ranged Weapons
  4319 | D:5      | Reached skill level 4 in Throwing
  4319 | D:5      | Reached skill level 3 in Armour
  4319 | D:5      | Reached skill level 3 in Dodging
  4319 | D:5      | Reached skill level 3 in Shields
  4319 | D:5      | Reached skill level 3 in Unarmed Combat
  4319 | D:5      | Reached skill level 3 in Spellcasting
  4319 | D:5      | Reached skill level 3 in Evocations
  4431 | D:5      | Noticed Sigmund
  4437 | D:5      | Killed Sigmund
  4438 | D:5      | Reached skill level 4 in Stealth
  4448 | D:5      | Reached skill level 3 in Shapeshifting
  4663 | D:5      | Found a glowing silver altar of Zin.
  4670 | D:5      | Found an iron altar of Okawaru.
  4938 | D:6      | Noticed Blork the orc
  4952 | D:6      | Killed Blork the orc
  4953 | D:6      | Reached skill level 11 in Short Blades
  5023 | D:6      | Noticed Maggie
  5072 | D:6      | Reached skill level 3 in Conjurations
  5072 | D:6      | Reached skill level 3 in Hexes
  5072 | D:6      | Reached skill level 3 in Summonings
  5072 | D:6      | Reached skill level 3 in Necromancy
  5072 | D:6      | Reached skill level 3 in Translocations
  5072 | D:6      | Reached skill level 3 in Transmutations
  5072 | D:6      | Reached skill level 3 in Fire Magic
  5072 | D:6      | Reached skill level 3 in Ice Magic
  5072 | D:6      | Reached skill level 3 in Air Magic
  5072 | D:6      | Reached skill level 3 in Earth Magic
  5072 | D:6      | Reached skill level 3 in Poison Magic
  5072 | D:6      | Reached skill level 4 in Invocations
  5219 | D:6      | Reached XP level 9. HP: 51/73 MP: 14/14
  5387 | D:6      | Reached skill level 4 in Long Blades
  5387 | D:6      | Reached skill level 4 in Axes
  5387 | D:6      | Reached skill level 4 in Maces & Flails
  5387 | D:6      | Reached skill level 4 in Polearms
  5387 | D:6      | Reached skill level 4 in Staves
  5387 | D:6      | Reached skill level 4 in Ranged Weapons
  5387 | D:6      | Reached skill level 4 in Armour
  5387 | D:6      | Reached skill level 4 in Dodging
  5387 | D:6      | Reached skill level 4 in Shields
  5387 | D:6      | Reached skill level 4 in Unarmed Combat
  5387 | D:6      | Reached skill level 4 in Spellcasting
  5387 | D:6      | Reached skill level 4 in Evocations
  5531 | D:6      | Killed Maggie
  5532 | D:6      | Reached skill level 5 in Throwing
  5876 | D:6      | Reached skill level 5 in Stealth
  5897 | D:6      | Reached skill level 4 in Shapeshifting
  6050 | D:7      | Found a burning altar of Makhleb.
  6088 | D:7      | Reached skill level 8 in Fighting
  6096 | D:7      | Found an opulent altar of Gozag.
  6390 | D:7      | Noticed Prince Ribbit
  6396 | D:7      | Killed Prince Ribbit
  6397 | D:7      | Reached skill level 5 in Invocations
  6631 | D:7      | Found a staircase to the Ecumenical Temple.
  6684 | Temple   | Entered the Ecumenical Temple
  7145 | D:8      | Reached skill level 4 in Conjurations
  7145 | D:8      | Reached skill level 4 in Hexes
  7145 | D:8      | Reached skill level 4 in Summonings
  7145 | D:8      | Reached skill level 4 in Necromancy
  7145 | D:8      | Reached skill level 4 in Translocations
  7145 | D:8      | Reached skill level 4 in Transmutations
  7145 | D:8      | Reached skill level 4 in Fire Magic
  7145 | D:8      | Reached skill level 4 in Ice Magic
  7145 | D:8      | Reached skill level 4 in Air Magic
  7145 | D:8      | Reached skill level 4 in Earth Magic
  7145 | D:8      | Reached skill level 4 in Poison Magic
  7321 | D:8      | Reached XP level 10. HP: 80/80 MP: 17/17
  7608 | D:8      | Acquired 1272 gold pieces
  7711 | D:4      | Bought a scroll of acquirement for 676 gold pieces
  7711 | D:4      | Bought a scroll of revelation for 97 gold pieces
  7711 | D:4      | Bought a scroll of blinking for 97 gold pieces
  7711 | D:4      | Bought a scroll of identify for 26 gold pieces
  7711 | D:4      | Bought a scroll of identify for 26 gold pieces
  7711 | D:4      | Acquired a +2 cloak of willpower
  7891 | D:9      | Reached skill level 5 in Long Blades
  7891 | D:9      | Reached skill level 5 in Axes
  7891 | D:9      | Reached skill level 5 in Maces & Flails
  7891 | D:9      | Reached skill level 5 in Polearms
  7891 | D:9      | Reached skill level 5 in Staves
  7891 | D:9      | Reached skill level 5 in Ranged Weapons
  7891 | D:9      | Reached skill level 5 in Armour
  7891 | D:9      | Reached skill level 5 in Dodging
  7891 | D:9      | Reached skill level 5 in Shields
  7891 | D:9      | Reached skill level 5 in Unarmed Combat
  7891 | D:9      | Reached skill level 5 in Spellcasting
  7891 | D:9      | Reached skill level 5 in Evocations
  7902 | D:9      | Found Kikenepp's Antique Armour Shop.
  8228 | D:5      | Became a worshipper of Warmaster Okawaru
  8740 | D:9      | Reached * piety under Okawaru
  8753 | D:9      | Reached skill level 6 in Throwing
  8897 | D:9      | Reached skill level 6 in Stealth
  8946 | D:9      | Found a staircase to the Orcish Mines.
  8961 | D:9      | Reached skill level 6 in Invocations
  8962 | D:9      | Reached skill level 5 in Shapeshifting
  9017 | D:9      | Reached ** piety under Okawaru
  9386 | D:9      | Found a radiant altar of Vehumet.
  9559 | D:9      | Found a snail-covered altar of Cheibriados.
  9671 | D:10     | Entered Level 10 of the Dungeon
  9808 | D:10     | Noticed a gargoyle
  9873 | D:10     | HP: 4/82 [gargoyle/stone arrow (20)]
  9877 | D:10     | Killed a gargoyle
 10121 | D:10     | Noticed Fannar
 10154 | D:10     | HP: 3/82 [Fannar/bolt of cold (13)]
 10155 | D:10     | Killed Fannar
 10156 | D:10     | Reached skill level 9 in Fighting
 10156 | D:10     | Reached skill level 12 in Short Blades
 10156 | D:10     | Reached skill level 6 in Long Blades
 10156 | D:10     | Reached skill level 6 in Axes
 10156 | D:10     | Reached skill level 6 in Maces & Flails
 10156 | D:10     | Reached skill level 6 in Polearms
 10156 | D:10     | Reached skill level 6 in Staves
 10156 | D:10     | Reached skill level 6 in Ranged Weapons
 10156 | D:10     | Reached skill level 6 in Armour
 10156 | D:10     | Reached skill level 6 in Dodging
 10156 | D:10     | Reached skill level 6 in Shields
 10156 | D:10     | Reached skill level 6 in Unarmed Combat
 10156 | D:10     | Reached skill level 6 in Spellcasting
 10156 | D:10     | Reached skill level 5 in Conjurations
 10156 | D:10     | Reached skill level 5 in Hexes
 10156 | D:10     | Reached skill level 5 in Summonings
 10156 | D:10     | Reached skill level 5 in Necromancy
 10156 | D:10     | Reached skill level 5 in Translocations
 10156 | D:10     | Reached skill level 5 in Transmutations
 10156 | D:10     | Reached skill level 5 in Fire Magic
 10156 | D:10     | Reached skill level 5 in Ice Magic
 10156 | D:10     | Reached skill level 5 in Air Magic
 10156 | D:10     | Reached skill level 5 in Earth Magic
 10156 | D:10     | Reached skill level 5 in Poison Magic
 10156 | D:10     | Reached skill level 6 in Evocations
 10156 | D:10     | Reached XP level 11. HP: 3/89 MP: 18/20
 10528 | D:10     | Found Samet's Antique Armour Shoppe.
 11164 | D:10     | Reached *** piety under Okawaru
 11641 | D:11     | Noticed Lodul
 11664 | D:11     | Killed Lodul
 11664 | D:11     | Received a gift from Okawaru
 11665 | D:11     | Reached skill level 7 in Invocations
 11679 | D:11     | Reached skill level 7 in Throwing
 11848 | D:11     | Noticed a vault guard
 11885 | D:11     | Slain by a vault guard

Vanquished Creatures
  Fannar (D:10)
  Lodul (D:11)
  Maggie (D:6)
  A gargoyle (D:10)
  A troll (D:9)
  Prince Ribbit (D:7)
  Grinder (D:4)
  Sigmund (D:5)
  A shadow (D:9)
  A wyvern (D:9)
  5 yaks (D:10)
  A wraith (D:9)
  7 vampire mosquitoes
  An acid dragon (D:8)
  3 water moccasins
  8 orc warriors
  An ice beast (D:5)
  9 ogres
  4 centaurs
  6 kobold brigands
  A phantom (D:6)
  A gnoll sergeant (D:9)
  Blork the orc (D:6)
  A bullfrog (D:9)
  4 scorpions
  5 wights
  6 killer bees (D:9)
  2 howler monkeys
  3 jellies
  4 hounds
  5 orc priests
  A gnoll bouda (D:6)
  Jessica (D:3)
  4 iguanas
  10 orc wizards
  2 sleepcaps
  Robin (D:2)
  5 adders
  12 gnolls
  2 shadow imps (D:6)
  4 worms
  54 orcs
  6 ball pythons
  2 bats (D:1)
  11 endoplasms
  A giant cockroach (D:3)
  14 goblins
  9 hobgoblins
  11 jackals
  5 quokkas
  A frilled lizard (D:2)
  32 kobolds
  8 rats
284 creatures vanquished.

Table legend: (Time is in decaauts)
 A = Elapsed time spent in this place.
 B = Non-inter-level travel time spent in this place.
 C = Inter-level travel time spent in this place.
 D = Time resting spent in this place.
 E = Time spent auto-exploring this place.
 F = Levels seen in this place.
 G = Mean time per level.
                   A        B        C        D        E       F      G
               +--------+--------+--------+--------+--------+-----+--------+
         Total |  11557 |  10593 |    964 |    363 |   8649 |  12 |  963.1 |
       Dungeon |  11555 |  10592 |    963 |    363 |   8649 |  11 | 1050.5 |
        Temple |      1 |      0 |      1 |      0 |      0 |   1 |    1.0 |
               +--------+--------+--------+--------+--------+-----+--------+

Top non-repeatable levels by time:
    D:10: 1887 daAuts
     D:9: 1551 daAuts
     D:5: 1288 daAuts
     D:4: 1198 daAuts
     D:3: 1170 daAuts
     D:6: 1074 daAuts
     D:2: 996 daAuts
     D:7: 865 daAuts
     D:8: 813 daAuts
     D:1: 493 daAuts
    D:11: 215 daAuts
  Temple: 1 daAuts

Table legend:
 A = Non-vault XP
 B = Vault XP
 C = Vault XP percentage of total XP
 D = Non-vault monster count
 E = Vault monster count
 F = Vault count percentage of total count
                 A         B        C        D         E       F
            +---------+---------+-------+---------+---------+-------
      Total |    7774 |    5809 |  42.8 |     208 |      76 |  26.8
            +---------+---------+-------+---------+---------+-------
        D:1 |      56 |       0 |   0.0 |      26 |       0 |   0.0
        D:2 |      74 |      34 |  31.5 |      25 |      12 |  32.4
        D:3 |     171 |      37 |  17.8 |      24 |       1 |   4.0
        D:4 |     314 |     258 |  45.1 |      12 |       1 |   7.7
        D:5 |     297 |     387 |  56.6 |      14 |       3 |  17.6
        D:6 |    1049 |     790 |  43.0 |      30 |       7 |  18.9
        D:7 |     205 |     286 |  58.2 |       6 |       1 |  14.3
        D:8 |     856 |       0 |   0.0 |      14 |       0 |   0.0
        D:9 |    1979 |    1580 |  44.4 |      17 |      42 |  71.2
       D:10 |    2343 |    1033 |  30.6 |      28 |       2 |   6.7
       D:11 |     430 |    1404 |  76.6 |      12 |       7 |  36.8
            +---------+---------+-------+---------+---------+-------
